[Event "Late-Titled-Tuesday-Blitz-September-05-2023"]
[Site "Chess.com"]
[Date "2023.09.05"]
[Round "6"]
[White "chessisveryfun1264"]
[Black "sergoy"]
[Result "0-1"]
[WhiteElo "2531"]
[BlackElo "2904"]
[TimeControl "180+1"]
[EndTime "15:05:13 PDT"]
[Termination "sergoy won by resignation"]

1. e4 c5 2. Nf3 d6 3. d4 cxd4 4.
Qxd4 Nf6 5. Bb5+ Bd7 6. c4 a6 7. Bxd7+ Nbxd7 8. Nc3 g6 9. O-O Bg7 10. h3 O-O 11. Qe3 Rc8 12. Nd2 Ne5 13. b3 b5 14.
cxb5 Qa5 15. Bb2 axb5 16. Rfc1 b4 17. Ne2 Nfd7 18. Bd4 Rxc1+ 19. Nxc1 Rc8 20. f4 Nc6 21. Bxg7 Kxg7 22. Nc4 Qc5 23. Nd3 Qxe3+ 24. Nxe3 Nc5 25. Nxc5 dxc5 26. Rc1 Nd4 27. Kf2 Ra8 28. Rxc5 Rxa2+ 29. Kg3 Re2 30. Nd5 Rxe4 31. Kh2 Nxb3 32. Rb5 e6 33. Nxb4 Nd4 34. Rb7 Rxf4 35. Nd3 Rf5 36. Rd7 Nc6 37. Rc7 Rd5 38. Nf4 Rd6 39. Ne2 Ne5 40. Nf4 Rd7 41.
Rc5 Nd3 42. Nxd3 Rxd3 0-1

[Event "Late-Titled-Tuesday-Blitz-September-05-2023"]
[Site "Chess.com"]
[Date "2023.09.05"]
[Round "6"]
[White "bazar-wokzal"]
[Black "zozik"]
[Result "1-0"]
[WhiteElo "2521"]
[BlackElo "2378"]
[TimeControl "180+1"]
[EndTime "15:05:22 PDT"]
[Termination "bazar-wokzal won by resignation"]

1. e4 e6 2. c4 d5 3. cxd5 exd5 4. Qb3 dxe4 5. Bc4 Qe7 6. Nc3 Nf6 7. d3 exd3+ 8. Be3 Nc6 9. O-O-O Ne5 10. Nf3 Nxc4 11. Qxc4 Be6 12. Qxd3 Rd8 13. Qb5+ c6 14. Rxd8+ Qxd8 15. Qxb7 Qd7 16. Qa8+ Qc8 17. Qxc8+ Bxc8 18. Bxa7 Bb4 19.
Re1+ Be6 20. Ng5 O-O 21. Nxe6 Re8 22. Bd4 fxe6 23. Bxf6 gxf6 24. Re4 Bd6 25. a4 Kf7 26.
a5 Bxh2 27. Rh4 Bg1 28. Rxh7+ Kg6 29. Rc7 Bxf2 30. Rxc6 e5 31. Ne4 Bh4 32. a6 Kf5 33. Nd6+ 1-0

[Event "Late-Titled-Tuesday-Blitz-September-05-2023"]
[Site "Chess.com"]
[Date "2023.09.05"]
[Round "6"]
[White "DefiantChair"]
[Black "MITerryble"]
[Result "0-1"]
[WhiteElo "2661"]
[BlackElo "2920"]
[TimeControl "180+1"]
[EndTime "15:05:27 PDT"]
[Termination "MITerryble won by resignation"]

1. e4 e6 2. d4 d5 3. Nd2 Be7 4. c3 c5 5. exd5 Qxd5 6. Ngf3 cxd4 7. cxd4 Nc6 8. Bc4 Qd6 9. Ne4 Qb4+ 10. Ned2 Nf6 11.
O-O O-O 12. a3 Qb6 13. Nb3 Rd8 14. Be3 Nd5 15. Qc2 h6 16. Rac1 Bd7 17. Bxd5 exd5 18. Nc5 Bg4 19. Ne1 Bxc5 20. dxc5 Qb5 21. f3 Be6 22.
Bf2 d4 23. Nd3 Bf5 24. Rfd1 Ne5 25. a4 Qa6 26. Nb4 Bxc2 27. Nxa6 Bxd1 28. Nc7 Rac8 0-1

[Event "Late-Titled-Tuesday-Blitz-September-05-2023"]
[Site "Chess.com"]
[Date "2023.09.05"]
[Round "6"]
[White "nihalsarin"]
[Black "GrigorGrigorov"]
[Result "1-0"]
[WhiteElo "3140"]
[BlackElo "2869"]
[TimeControl "180+1"]
[EndTime "15:05:31 PDT"]
[Termination "nihalsarin won by resignation"]

1. Nf3 Nf6 2. b3 b6 3. Bb2 Bb7 4. e3 e6 5. c4 c5 6. d4 cxd4 7.
Nxd4 a6 8. Nd2 Be7 9. N2f3 O-O 10. Be2 Qc7 11. O-O d6 12. Rc1 Nbd7 13. h3 Rac8 14. b4 Qb8 15. a3 Rfd8 16. Nd2 Ne5 17. N4f3 Ng6 18. Qb3 b5 19. cxb5 axb5 20. Qd3 Bc6 21. Nb3 e5 22. Qd1 h6 23. Na5 Be8 24. Nd2 Rxc1 25.
Qxc1 Rc8 26. Qb1 Nh4 27. Rc1 Qa8 28. Nf3 Ng6 29. Rc2 Bd8 30. Nb3 Bb6 31. Qc1 Rxc2 32. Qxc2 Bd7 33. Nbd2 Bc6 34. Bf1 Qb7 35. Ne1 Ne7 36.
Nb3 Bd7 37. Qd2 Qc7 38. Nc1 Nf5 39. Bd3 Nh4 40. Ne2 Qb7 41. Nc3 Ba7 42. Bf1 Bb8 43. Qd3 e4 44. Qe2 d5 45. Nxb5 Nh7 46. Nd4 Ng5 47.
Qh5 Qc7 48. g3 Ng6 49. h4 Nh3+ 50. Bxh3 Bxh3 51. Qxd5 Nxh4 52. Nc6 Be6 53. Qd8+ Qxd8 54. Nxd8 Nf5 55. Nxe6 fxe6 56. b5 1-0

[Event "Late-Titled-Tuesday-Blitz-September-05-2023"]
[Site "Chess.com"]
[Date "2023.09.05"]
[Round "6"]
[White "Dontmesswithme_2"]
[Black "Malev212"]
[Result "0-1"]
[WhiteElo "2484"]
[BlackElo "2637"]
[TimeControl "180+1"]
[EndTime "15:05:34 PDT"]
[Termination "Malev212 won by resignation"]

1. d4 Nf6 2. c4 e6 3. g3 c5 4. d5 exd5 5. cxd5 d6 6. Nc3 g6 7. Bg2 Bg7 8. Nf3 O-O 9. O-O Re8 10. Bf4 h6 11. Re1 Bf5 12. h3 Ne4 13. Nxe4 Bxe4 14.
Nd2 Bxg2 15. Kxg2 g5 16. Be3 b5 17. a4 b4 18. Nc4 Qe7 19. f3 Nd7 20. Bf2 Nb6 21.
Na5 Bxb2 22. e4 Bxa1 23. Qxa1 f5 24. e5 dxe5 25. Nc6 Qd6 26. Nxe5 Nxd5 27. Nc4 Qa6 28. Rxe8+ Rxe8 29. Qa2 Nc3 30. Qb3 Qxa4 31. Qb2 Re2 32.
Qc1 Qc2 33. Qf1 Nd1 0-1

[Event "Late-Titled-Tuesday-Blitz-September-05-2023"]
[Site "Chess.com"]
[Date "2023.09.05"]
[Round "6"]
[White "Alohamora11"]
[Black "hurricane7791"]
[Result "1-0"]
[WhiteElo "2567"]
[BlackElo "2708"]
[TimeControl "180+1"]
[EndTime "15:05:36 PDT"]
[Termination "Alohamora11 won by resignation"]

1. e4 c5 2. Nf3 d6 3. Bb5+ Nd7 4. d4 cxd4 5. Qxd4 a6 6. Bxd7+ Qxd7 7. c4 e5 8. Qd3 f5 9. Nc3 Nf6 10. Bg5 fxe4 11.
Nxe4 Nxe4 12. Qxe4 Qf5 13. Qe3 h6 14. Bh4 Be6 15.
O-O Rc8 16. Rac1 Qf4 17. Qb6 Rxc4 18. Rxc4 Qxc4 19. Qxb7 g5 20. Bg3 Bd5 21. Qb8+ Ke7 22. Nxe5 Qe4 23. f3 Qe3+ 24. Bf2 Qxe5 25. Re1 Bg7 26. Qc7+ Ke6 27. Qxg7 1-0

[Event "Late-Titled-Tuesday-Blitz-September-05-2023"]
[Site "Chess.com"]
[Date "2023.09.05"]
[Round "6"]
[White "buenamor1972"]
[Black "in_shambles"]
[Result "1-0"]
[WhiteElo "2342"]
[BlackElo "2120"]
[TimeControl "180+1"]
[EndTime "15:05:36 PDT"]
[Termination "buenamor1972 won by resignation"]

1. Nf3 Nf6 2. g3 d5 3. Bg2 e6 4.
O-O Be7 5. d3 O-O 6. Nbd2 c5 7.
e4 Nc6 8. Re1 a6 9. e5 Nd7 10. Nf1 b5 11. h4 Bb7 12. Bf4 Rc8 13.
Ne3 Re8 14. h5 Qc7 15. Nxd5 exd5 16. e6 Qd8 17. exd7 Qxd7 18. Kh2 h6 19. Bh3 f5 20. Ne5 Nxe5 21. Rxe5 Rf8 22. Qe2 Bd6 23. Re6 Bxf4 24. gxf4 d4 25. Rg1 Rc7 26. Qe5 Rf7 27. Bxf5 Rc8 28. Bg6 1-0

[Event "Late-Titled-Tuesday-Blitz-September-05-2023"]
[Site "Chess.com"]
[Date "2023.09.05"]
[Round "6"]
[White "AndreiITrifan"]
[Black "szachmistrz2500"]
[Result "1-0"]
[WhiteElo "2631"]
[BlackElo "2477"]
[TimeControl "180+1"]
[EndTime "15:05:37 PDT"]
[Termination "AndreiITrifan won by resignation"]

1. Nf3 c5 2. e3 g6 3. d4 Bg7 4. Be2 Nf6 5. O-O O-O 6. dxc5 Qa5 7.
a3 Qxc5 8. b4 Qc7 9. Bb2 d6 10.
c4 Nc6 11. Nc3 Be6 12. Rc1 Rac8 13. Qb3 a6 14. Nd5 Qd8 15. Rfd1 b5 16. Bxf6 exf6 17.
cxb5 axb5 18. Bxb5 Ne7 19. Rxc8 Nxc8 20. Qd3 f5 21.
Nf4 Bd7 22. Ba6 Ba4 23. Rc1 Ne7 24. h3 Qb6 25. Bc4 Rd8 26. Nd5 Qa7 27. Ba2 Ra8 28. Rc7 1-0

[Event "Late-Titled-Tuesday-Blitz-September-05-2023"]
[Site "Chess.com"]
[Date "2023.09.05"]
[Round "6"]
[White "cthake"]
[Black "Colombiano07"]
[Result "0-1"]
[WhiteElo "1870"]
[BlackElo "2404"]
[TimeControl "180+1"]
[EndTime "15:05:37 PDT"]
[Termination "Colombiano07 won on time"]

1. e4 c6 2. d4 d5 3. f3 dxe4 4. fxe4 e5 5. Nf3 exd4 6. Qxd4 Qxd4 7. Nxd4 Nf6 8. Bd3 Bc5 9. Nb3 Bb6 10. a4 a6 11. a5 Ba7 12. Nc3 Nbd7 13. Bf4 O-O 14. O-O-O Re8 15. Rhe1 Ne5 16. h3 Nxd3+ 17. Rxd3 Be6 18.
Nd4 Bc4 19. Rd2 Rad8 20. Nf5 Rxd2 21. Kxd2 Bf2 22. Rd1 Nxe4+ 23. Nxe4 Rxe4 24. Kc3 h5 25. g3 Be6 26. Rd8+ Kh7 27. Nd6 Bd4+ 28. Kd3 Bf6 29. Nxe4 Bxd8 30. c4 Bxa5 31. Nd6 b5 32. cxb5 cxb5 0-1

[Event "Late-Titled-Tuesday-Blitz-September-05-2023"]
[Site "Chess.com"]
[Date "2023.09.05"]
[Round "6"]
[White "Haykoooo0o"]
[Black "leoduarte"]
[Result "1-0"]
[WhiteElo "2489"]
[BlackElo "2377"]
[TimeControl "180+1"]
[EndTime "15:05:40 PDT"]
[Termination "Haykoooo0o won by resignation"]

1. d4 d5 2. Nf3 Nf6 3. e3 e6 4. Bd3 Bd6 5. Nbd2 O-O 6. Qe2 c5 7.
c3 Qc7 8. O-O Nbd7 9. e4 dxe4 10. Nxe4 Nxe4 11. Qxe4 Nf6 12. Qh4 cxd4 13. Bg5 h6 14.
Bxh6 gxh6 15. Qxh6 e5 16. Qxf6 Qe7 17. Qxe7 Bxe7 18.
cxd4 exd4 19. Rfe1 Bf6 20. Ne5 Be6 21. f4 Rfd8 22. a3 Rac8 23. Rac1 Bh4 24. g3 Bf6 25. Kf2 Bd5 26. Ke2 Rxc1 27. Rxc1 Bxe5 28. fxe5 Re8 29. Rc5 Rxe5+ 30. Kd2 f6 31. Rxd5 1-0

[Event "Late-Titled-Tuesday-Blitz-September-05-2023"]
[Site "Chess.com"]
[Date "2023.09.05"]
[Round "6"]
[White "ArmanGhevondyanchess"]
[Black "leschebaza"]
[Result "1/2-1/2"]
[WhiteElo "2523"]
[BlackElo "2399"]
[TimeControl "180+1"]
[EndTime "15:05:41 PDT"]
[Termination "Game drawn - insufficient material"]

1. Nf3 Nf6 2. g3 g6 3. Bg2 Bg7 4. O-O O-O 5. d4 c5 6. c4 d6 7. Nc3 Nc6 8. b3 cxd4 9. Nxd4 Nxd4 10. Qxd4 Nd7 11. Qd2 Nc5 12. Bb2 Bd7 13. h4 Bc6 14. Nd5 Bxd5 15. Bxd5 Bxb2 16. Qxb2 a5 17. h5 e6 18. h6 e5 19. Rad1 Qg5 20. Bg2 Ra6 21. Qd2 Qh5 22. Rfe1 g5 23. Qc3 Qxh6 24. a3 f5 25. b4 axb4 26. axb4 Ne4 27. Qd3 Qg6 28. b5 Ra2 29. Qd5+ Qf7 30. Bxe4 fxe4 31. Qxf7+ Rxf7 32. Rxd6 Rc7 33. Rc1 Rxe2 34. c5 e3 35. c6 exf2+ 36.
Kf1 Re1+ 37. Rxe1 fxe1=Q+ 38. Kxe1 bxc6 39. b6 Rb7 40. Rxc6 Kf8 41. Ke2 Ke8 42. Ke3 h5 43.
Ke4 h4 44. gxh4 gxh4 45. Kxe5 h3 46. Ke6 Kd8 47. Kd6 h2 48. Rc1 Rxb6+ 49. Ke5 Rh6 50. Rh1 Ke7 51. Kf4 Kf6 52. Kg3 Kf5 53. Rxh2 Rxh2 54. Kxh2 1/2-1/2

[Event "Late-Titled-Tuesday-Blitz-September-05-2023"]
[Site "Chess.com"]
[Date "2023.09.05"]
[Round "6"]
[White "RebecaJimnz"]
[Black "McCarthyStone"]
[Result "0-1"]
[WhiteElo "2244"]
[BlackElo "2447"]
[TimeControl "180+1"]
[EndTime "15:05:46 PDT"]
[Termination "McCarthyStone won by resignation"]

1. e4 e5 2. d4 d6 3. Nf3 exd4 4. Nxd4 Nf6 5. Nc3 g6 6. Bc4 Bg7 7. O-O O-O 8. Re1 Nc6 9. Be3 Ng4 10. Nxc6 bxc6 11.
Bd4 Ne5 12. Bb3 a5 13. a4 Rb8 14. Ne2 c5 15. Bc3 c4 16. Ba2 Qh4 17. h3 Bxh3 18.
gxh3 Nf3+ 19. Kg2 Qxe4 20. Kf1 Nh4 21. Ng3 Qg2+ 22. Ke2 Rfe8+ 23. Kd2 Bh6+ 0-1

[Event "Late-Titled-Tuesday-Blitz-September-05-2023"]
[Site "Chess.com"]
[Date "2023.09.05"]
[Round "6"]
[White "Tomytoteph"]
[Black "Sjakkerntobi"]
[Result "0-1"]
[WhiteElo "2609"]
[BlackElo "2485"]
[TimeControl "180+1"]
[EndTime "15:05:48 PDT"]
[Termination "Sjakkerntobi won by resignation"]

1. e4 e6 2. d4 d5 3. Nd2 a6 4. Ngf3 Nf6 5. Bd3 c5 6. exd5 exd5 7. O-O Be7 8. Re1 O-O 9. h3 Nc6 10. c3 h6 11. dxc5 Bxc5 12. Nb3 Bb6 13. Be3 Bc7 14. Bc5 Re8 15. Rxe8+ Qxe8 16. Qd2 Ne4 17. Qc2 Nxc5 18.
Nxc5 Qe7 19. Nb3 Bd7 20. Re1 Qd6 21. Bh7+ Kh8 22. Bf5 Bb6 23. Bxd7 Qxd7 24. Qd3 Rd8 25.
Ne5 Qe6 26. Nf3 Qf6 27. Nbd2 d4 28. Ne4 Qf4 29. cxd4 Nxd4 30. Nxd4 Rxd4 31. Qe2 f5 32. Nc3 Rd2 33. Qe8+ Kh7 34. Re2 Bxf2+ 35. Kh1 Bg3 36. Kg1 Qd4+ 37. Qe3 Rd1+ 38. Nxd1 Qxd1+ 0-1

[Event "Late-Titled-Tuesday-Blitz-September-05-2023"]
[Site "Chess.com"]
[Date "2023.09.05"]
[Round "6"]
[White "Dzidzik2203"]
[Black "chessS1r"]
[Result "1-0"]
[WhiteElo "2375"]
[BlackElo "2584"]
[TimeControl "180+1"]
[EndTime "15:05:51 PDT"]
[Termination "Dzidzik2203 won by resignation"]

1. d4 d5 2. c4 e6 3. Nf3 Nf6 4.
Nc3 Bb4 5. Qa4+ Nc6 6. e3 O-O 7.
Qc2 b6 8. Bd2 Bb7 9. cxd5 exd5 10. Bd3 Bd6 11. a3 a6 12. O-O Ne7 13. Ne5 c5 14. f4 Rc8 15. Be1 cxd4 16. exd4 Ne4 17. Bh4 f6 18. Bxe4 dxe4 19. Qb3+ Kh8 20. Nf7+ Rxf7 21.
Qxf7 Rc7 22. Qe6 Ng6 23. Bg3 Re7 24. Qg4 Bc8 25. f5 Bxg3 26. Qxg3 Qxd4+ 27. Kh1 Ne5 28. Rad1 Nd3 29. Nxe4 Qxe4 30. Qxd3 Qe5 31. Qc3 Re8 32. Rfe1 1-0

[Event "Late-Titled-Tuesday-Blitz-September-05-2023"]
[Site "Chess.com"]
[Date "2023.09.05"]
[Round "6"]
[White "Andrei_Skvortsov"]
[Black "IM_Tissir"]
[Result "1-0"]
[WhiteElo "2635"]
[BlackElo "2481"]
[TimeControl "180+1"]
[EndTime "15:05:53 PDT"]
[Termination "Andrei_Skvortsov won by resignation"]

1. e4 c5 2. d4 cxd4 3. Qxd4 Nc6 4. Qd3 e6 5. Nc3 a6 6. Be2 Nf6 7. Bf4 Qa5 8. Nf3 d6 9. O-O Ne5 10. Nxe5 dxe5 11. Be3 Be7 12. Qc4 O-O 13. f3 Bd7 14.
a3 Rac8 15. Qb3 Bc6 16. Kh1 Bc5 17. Bd2 Qc7 18. Rad1 h6 19. g4 Bd4 20. Kg2 b5 21.
Na2 Rfd8 22. Nb4 Bb7 23. c3 Bc5 24. Nd3 Ba7 25. Be1 Nxe4 26. fxe4 Bxe4+ 27. Kh3 Qb7 28. Kg3 Bb8 29. Nb4 a5 30. Rxd8+ Rxd8 31. Na2 Bd5 32.
Qc2 e4+ 33. Kh3 Bxa2 34. b3 Bxb3 35. Qxb3 Qc7 36. Bg3 Qc5 37. Rd1 Rxd1 38. Qxd1 Bxg3 39. hxg3 Qxc3 40. Bxb5 Qxa3 41. Bc6 Qb4 42. Qc2 e3 43. Be4 Qd2 44. Qc8+ 1-0

[Event "Late-Titled-Tuesday-Blitz-September-05-2023"]
[Site "Chess.com"]
[Date "2023.09.05"]
[Round "6"]
[White "FredddieCroderg"]
[Black "Jaka_Brilej"]
[Result "0-1"]
[WhiteElo "2295"]
[BlackElo "2467"]
[TimeControl "180+1"]
[EndTime "15:05:58 PDT"]
[Termination "Jaka_Brilej won on time"]

1. e4 c5 2. Nf3 Nc6 3. d4 cxd4 4. Nxd4 g6 5. c4 Bg7 6. Be3 Nf6 7. Nc3 O-O 8. Be2 d6 9. O-O Bd7 10. Qd2 Nxd4 11. Bxd4 Bc6 12. f3 a5 13. Rac1 Nd7 14. Be3 Nc5 15. Rfd1 Qc7 16. Rc2 Rfd8 17. Rb1 e6 18. b3 Be5 19. Kh1 Rd7 20. a3 Rad8 21.
b4 axb4 22. axb4 Na4 23. b5 Nxc3 24. Rxc3 Bxc3 25. Qxc3 Bxb5 26. Rxb5 d5 27. Bh6 d4 28. Qb3 e5 29. Bd3 Ra8 30. h3 Qc6 31. Rb6 Qc5 32.
Bg5 Ra3 33. Qb1 Rxd3 34. Rxb7 Rd1+ 35. Qxd1 Rxb7 36. Qa4 Qb6 37. Qe8+ Kg7 38. h4 Rb8 39. Qxe5+ Kg8 40. Bf6 Qb1+ 41. Kh2 Qb6 0-1

[Event "Late-Titled-Tuesday-Blitz-September-05-2023"]
[Site "Chess.com"]
[Date "2023.09.05"]
[Round "6"]
[White "Kostukov_Alex"]
[Black "Bilan_Danila"]
[Result "0-1"]
[WhiteElo "2401"]
[BlackElo "2512"]
[TimeControl "180+1"]
[EndTime "15:06:01 PDT"]
[Termination "Bilan_Danila won by resignation"]

1. g3 d5 2. Bg2 Nf6 3. d3 c5 4. e4 Nc6 5. exd5 Nxd5 6. Nc3 e6 7.
Nge2 Be7 8. O-O b6 9. Nxd5 exd5 10. Nf4 O-O 11. Nxd5 Bd6 12. Bf4 Bb7 13. Bxd6 Qxd6 14.
Nf4 Rae8 15. Re1 Bc8 16. Qh5 Nd4 17. Rxe8 Rxe8 18. Bd5 g6 19. Qh6 Nxc2 20. Bxf7+ Kxf7 21. Qxh7+ Kf6 22. Qxg6+ Ke7 23. Qg5+ Kd7 24. Rc1 Nd4 25. b4 Nf3+ 0-1

[Event "Late-Titled-Tuesday-Blitz-September-05-2023"]
[Site "Chess.com"]
[Date "2023.09.05"]
[Round "6"]
[White "traack"]
[Black "CraiggoryC"]
[Result "1-0"]
[WhiteElo "2373"]
[BlackElo "2233"]
[TimeControl "180+1"]
[EndTime "15:06:03 PDT"]
[Termination "traack won on time"]

1. e4 e6 2. d4 d5 3. Nd2 Be7 4. Ngf3 Nf6 5. Bd3 c5 6. c3 dxe4 7. Nxe4 cxd4 8. cxd4 Nc6 9. O-O O-O 10. Be3 b6 11.
Nxf6+ Bxf6 12. Bxh7+ Kxh7 13. Qc2+ Kg8 14. Qxc6 Ba6 15.
Rfe1 Rc8 16. Qa4 Bd3 17. Rac1 Be4 18. Ne5 Qd5 19. f3 Bxe5 20. dxe5 Bg6 21. Qxa7 Qxe5 22. Qxb6 Rb8 23. Qd4 Qa5 24. a3 Rfd8 25. Qf4 Rxb2 26. Bd4 Rd2 27. Bc3 Qb6+ 28. Kh1 1-0

[Event "Late-Titled-Tuesday-Blitz-September-05-2023"]
[Site "Chess.com"]
[Date "2023.09.05"]
[Round "6"]
[White "WindWhistler11"]
[Black "Godzillator"]
[Result "1-0"]
[WhiteElo "2481"]
[BlackElo "2326"]
[TimeControl "180+1"]
[EndTime "15:06:05 PDT"]
[Termination "WindWhistler11 won by resignation"]

1. Nf3 Nf6 2. g3 c5 3. Bg2 Nc6 4. O-O e6 5. b3 Be7 6. Bb2 O-O 7.
c4 d5 8. d3 b6 9. Nbd2 Bb7 10.
a3 Rc8 11. Qc2 d4 12. e4 dxe3 13. fxe3 Ng4 14. Rae1 Bf6 15. Bxf6 Nxf6 16. Ng5 h6 17. Nh3 Qd7 18. Rxf6 gxf6 19. Ne4 Qe7 20. Qc3 Ne5 21. Nhf2 Rfd8 22. d4 cxd4 23. exd4 Ng6 24. d5 e5 25. Ng4 Kh8 26. Qe3 Qf8 27. Nexf6 Rd6 28. Rf1 Qg7 29. Nh5 Qf8 30. Nxe5 Kh7 31. Rxf7+ 1-0

[Event "Late-Titled-Tuesday-Blitz-September-05-2023"]
[Site "Chess.com"]
[Date "2023.09.05"]
[Round "6"]
[White "Polish_fighter3000"]
[Black "Parhamov"]
[Result "0-1"]
[WhiteElo "3075"]
[BlackElo "2982"]
[TimeControl "180+1"]
[EndTime "15:06:10 PDT"]
[Termination "Parhamov won on time"]

1. Nf3 Nf6 2. g3 d5 3. Bg2 c6 4.
d3 Bg4 5. h3 Bh5 6. g4 Bg6 7. Nh4 Nbd7 8. Nd2 e6 9. e3 Bd6 10. Qe2 Ng8 11. Nxg6 hxg6 12. a3 Ne7 13. b3 g5 14. Bb2 Be5 15. d4 Bd6 16. c4 Ng6 17. b4 Nh4 18. Kf1 Qf6 19. Rc1 Qg6 20. e4 Nxg2 21. Kxg2 dxe4 22. Nxe4 Bf4 23. Rcd1 O-O 24.
d5 exd5 25. cxd5 Rfe8 26. f3 c5 27. d6 cxb4 28. axb4 Rac8 29. Rd5 a6 30. h4 Nb6 31. Rf5 Nc4 32. hxg5 Ne3+ 33. Kg1 Nxf5 34. gxf5 Qxf5 35. d7 Qxd7 0-1

[Event "Late-Titled-Tuesday-Blitz-September-05-2023"]
[Site "Chess.com"]
[Date "2023.09.05"]
[Round "6"]
[White "kinga2008"]
[Black "talaicito"]
[Result "0-1"]
[WhiteElo "2375"]
[BlackElo "2270"]
[TimeControl "180+1"]
[EndTime "15:06:13 PDT"]
[Termination "talaicito won on time"]

1. e4 c5 2. Nf3 d6 3. c3 Nf6 4. Bd3 e6 5. Bc2 Be7 6. O-O c4 7. b3 b5 8. Na3 Ba6 9. d3 cxd3 10. Bxd3 O-O 11. Qe2 Qa5 12. b4 Qb6 13. Be3 Qb7 14.
Bxb5 Bxb5 15. Qxb5 Qxe4 16. Rad1 Rc8 17. Bd4 a6 18. Qa4 Nbd7 19. Rfe1 Qb7 20. Qb3 h6 0-1

[Event "Late-Titled-Tuesday-Blitz-September-05-2023"]
[Site "Chess.com"]
[Date "2023.09.05"]
[Round "6"]
[White "subham777"]
[Black "FaustinoOro"]
[Result "1-0"]
[WhiteElo "2560"]
[BlackElo "2841"]
[TimeControl "180+1"]
[EndTime "15:06:14 PDT"]
[Termination "subham777 won by resignation"]

1. e4 c5 2. Nf3 d6 3. d4 cxd4 4.
Qxd4 Nf6 5. e5 Nc6 6. Bb5 Nd7 7. Bxc6 bxc6 8. exd6 exd6 9. O-O Nf6 10. Bg5 Be7 11.
Bxf6 Bxf6 12. Qe4+ Be7 13. Re1 d5 14. Qe3 Qc7 15. Nd4 Be6 16. Nxe6 fxe6 17. Qxe6 Rf8 18. Nc3 Qd7 19. Qe2 Kf7 20. Rad1 Bf6 21. Na4 Rae8 22. Qh5+ Kg8 23. Nc5 Rxe1+ 24. Rxe1 Qd6 25. Nd3 Qd7 26. c3 g6 27. Qe2 Kg7 28. Nc5 1-0

[Event "Late-Titled-Tuesday-Blitz-September-05-2023"]
[Site "Chess.com"]
[Date "2023.09.05"]
[Round "6"]
[White "Perecke"]
[Black "thedjoker98"]
[Result "1-0"]
[WhiteElo "2505"]
[BlackElo "2622"]
[TimeControl "180+1"]
[EndTime "15:06:14 PDT"]
[Termination "Perecke won by resignation"]

1. e4 e5 2. Nf3 Nc6 3. Bb5 g6 4.
d4 exd4 5. Nxd4 Bg7 6. c3 Nf6 7. O-O O-O 8. Re1 Re8 9. Nd2 a6 10. Bxc6 dxc6 11. e5 Nd5 12. N2f3 c5 13. Bg5 Qd7 14.
Nb3 b6 15. Nbd2 h6 16. Bh4 Bb7 17. Ne4 g5 18. Bg3 Rad8 19. Qc2 Kh8 20. Rad1 Qf5 21.
Qb1 Nf4 22. Nexg5 Qxb1 23. Nxf7+ Kg8 24. Rxb1 Nh3+ 25. gxh3 Kxf7 26. Re3 Re6 27. Rbe1 Rde8 28. Nh4 h5 29. f4 Bh6 30. Nf5 Rg8 31. Kf2 Reg6 32. e6+ Ke8 33. e7 Bxf4 34. Rd3 Bxg3+ 35. hxg3 Bc6 36. Rd8+ Kf7 37. Rxg8 Rxg8 38. Nh6+ 1-0

[Event "Late-Titled-Tuesday-Blitz-September-05-2023"]
[Site "Chess.com"]
[Date "2023.09.05"]
[Round "6"]
[White "Nekoo04"]
[Black "KejJaj"]
[Result "0-1"]
[WhiteElo "2300"]
[BlackElo "2211"]
[TimeControl "180+1"]
[EndTime "15:06:14 PDT"]
[Termination "KejJaj won by checkmate"]

1. e4 c5 2. Nf3 d6 3. d3 g6 4. Nbd2 Bg7 5. g3 Nc6 6. Bg2 Rb8 7. O-O b5 8. Re1 h5 9. Nf1 Nf6 10. e5 dxe5 11. Nxe5 Nxe5 12. Rxe5 Nd7 13. Re1 O-O 14. Bf4 e5 15. Be3 Qc7 16. Rb1 Bb7 17. Bxb7 Qxb7 18.
c4 b4 19. Nd2 Rbd8 20. Ne4 Qc7 21. Bg5 f6 22. Be3 Rfe8 23. Qf3 Re6 24. Rbd1 Rc6 25.
Nd2 Nf8 26. Nb3 Ne6 27. Qe4 f5 28. Qf3 Rcd6 29. Qe2 f4 30. Bc1 Qc6 31. Na5 Qa8 32.
Nb3 Ng5 33. Kf1 Qh1# 0-1

[Event "Late-Titled-Tuesday-Blitz-September-05-2023"]
[Site "Chess.com"]
[Date "2023.09.05"]
[Round "6"]
[White "SilverCityIndigo"]
[Black "cthulhuuu"]
[Result "0-1"]
[WhiteElo "2302"]
[BlackElo "2469"]
[TimeControl "180+1"]
[EndTime "15:06:16 PDT"]
[Termination "cthulhuuu won on time"]

1. d4 Nf6 2. c4 e5 3. dxe5 Ng4 4. Nf3 Bc5 5. e3 Nc6 6. Nc3 O-O 7. Be2 Re8 8. O-O a5 9. b3 Ncxe5 10. Bb2 Ra6 11. Nd5 Nxf3+ 12. Bxf3 Nxh2 13. Re1 Nxf3+ 14. Qxf3 Rg6 15.
Nf4 Rh6 16. Qg3 Bf8 17. Nd5 d6 18. Rad1 c6 19. Nf4 Qe7 20. e4 Rh4 21. e5 Rg4 22.
Qh2 Qg5 23. Nh3 Qh4 24. exd6 Rd8 25. Kf1 Be6 26. c5 a4 27. Rd3 axb3 28. axb3 Bd5 29. Rg3 b6 30. Be5 bxc5 0-1

[Event "Late-Titled-Tuesday-Blitz-September-05-2023"]
[Site "Chess.com"]
[Date "2023.09.05"]
[Round "6"]
[White "PawnEatingZombie"]
[Black "Good_Knight_Kiss"]
[Result "0-1"]
[WhiteElo "2091"]
[BlackElo "2340"]
[TimeControl "180+1"]
[EndTime "15:06:17 PDT"]
[Termination "Good_Knight_Kiss won by resignation"]

1. e4 c5 2. Nc3 a6 3. g3 b5 4. Bg2 Bb7 5. d3 e6 6. Nh3 Nf6 7. f4 b4 8. Ne2 d6 9. O-O Be7 10. e5 Bxg2 11. Kxg2 dxe5 12. fxe5 Qd5+ 13. Kg1 Qxe5 14.
Ng5 O-O 15. Nf3 Qd5 16. Nf4 Qb7 17. b3 Nc6 18. Bb2 Rad8 19. Qe2 Nd4 20. Nxd4 cxd4 21. Rae1 Rd6 22. g4 Nd5 23. Nh5 Ne3 24. Bxd4 Rxd4 25.
Qxe3 Rxg4+ 26. Ng3 Rc8 27. Re2 Bc5 0-1

[Event "Late-Titled-Tuesday-Blitz-September-05-2023"]
[Site "Chess.com"]
[Date "2023.09.05"]
[Round "6"]
[White "KATPAH"]
[Black "FairChess_on_YouTube"]
[Result "0-1"]
[WhiteElo "2676"]
[BlackElo "3039"]
[TimeControl "180+1"]
[EndTime "15:06:21 PDT"]
[Termination "FairChess_on_YouTube won by resignation"]

1. b3 e5 2. Bb2 Nc6 3. e3 Nf6 4. d4 exd4 5. exd4 d5 6. Nf3 Bd6 7. Be2 O-O 8. O-O Re8 9. c4 Bg4 10. Nc3 dxc4 11. bxc4 Bxf3 12. Bxf3 Nxd4 13. Bxb7 Rb8 14.
Nd5 Ne2+ 15. Kh1 Rxb7 16. Bxf6 gxf6 17. Re1 Rb2 18. Qd3 c6 19. Ne3 Nf4 20. Qf5 Qe7 21. g3 Rxf2 22. gxf4 Rxf4 23. Qh3 Rf2 24. Ng2 Be5 25.
Rad1 Kh8 26. Re4 Qd8 27. Rg1 Rg8 28. Rh4 Rg7 29. Ne1 Rxh2+ 30. Qxh2 Bxh2 31. Rxg7 Kxg7 32.
Rxh2 Qd1 33. Rg2+ Kf8 34. Rg1 Qh5+ 35. Kg2 Qe2+ 36. Kg3 Qxc4 37. Nf3 Qxa2 38. Rh1 Qc2 39. Rh2 Qg6+ 40. Kf2 a5 41. Rh4 a4 0-1

[Event "Late-Titled-Tuesday-Blitz-September-05-2023"]
[Site "Chess.com"]
[Date "2023.09.05"]
[Round "6"]
[White "WPWPWP-2015"]
[Black "ContrVersia"]
[Result "0-1"]
[WhiteElo "2547"]
[BlackElo "2888"]
[TimeControl "180+1"]
[EndTime "15:06:21 PDT"]
[Termination "ContrVersia won on time"]

1. e4 c5 2. Nf3 a6 3. b3 d6 4. Bb2 Nc6 5. d4 cxd4 6. Nxd4 Nf6 7. Nd2 e5 8. N4f3 Be7 9. h3 O-O 10. a3 Be6 11. c4 Qb8 12. Be2 Bd8 13. O-O Bb6 14.
Re1 Qa7 15. Rf1 h6 16. Bd3 Ne7 17. Qe1 Ng6 18. Rd1 Rad8 19. Kh2 Nf4 20. Bc2 a5 21. Kg1 Qb8 22. Bc3 Bxh3 23. gxh3 Qc8 24. Nh4 Qxh3 25. Ndf3 g5 26. Bd2 gxh4 27. Bxf4 Qxf3 28.
Bh2 h3 0-1